 Dungeon Crawl Stone Soup version 0.27-a0-607-g1ad3dbde53 (webtiles) character file.

Game seed: 18228554097414657053

50538 Essalna the Fighter (level 14, -6/126 HPs)
             Began as a Demonspawn Ice Elementalist on Mar 13, 2021.
             Was a High Priest of Ashenzari.
             Mangled by a phantasmal warrior (20 damage)
             ... led by a death knight
             ... on level 12 of the Dungeon.
             The game lasted 01:21:02 (26432 turns).

Essalna the Fighter (Demonspawn Ice Elementalist)  Turns: 26432, Time: 01:21:03

Health: -6/126     AC: 20    Str:  9    XL:     14   Next: 20%
Magic:  24/33      EV: 22    Int: 27    God:    Ashenzari [*****.]
Gold:   1585       SH:  6    Dex: 14    Spells: 32/43 levels left

rFire    . . .     SeeInvis +   H - staff of cold (curse) {Cun, Alch}
rCold    + . .     Faith    .   x - +0 buckler of Ashenzari's Mutualism {Evo, Range} (curse)
rNeg     . . .     Spirit   .   a - +0 robe "Free Will of Ashenzari" {Cun, Self} (curse)
rPois    +         Reflect  .   z - +2 helmet "Sybil of Ashenzari" {Self, Alch} (curse)
rElec    .         Harm     .   w - scarf "Share My Activism" {shadows, Evo, Comp} (curse)
rCorr    .         Rampage  .   k - +0 pair of gloves "Perceptive Discomfort" {Alch, Elem} (curse)
Will     +....     Clarity  +   (no boots)
Stlth    +++.......             C - amulet of the Cursed Stars {RegenMP, Range, Elem} (curse)
HPRegen  0.31/turn              f - ring "Shackled With Me" {Int+6, Fort, Elem} (curse)
MPRegen  0.48/turn              K - ring "Ruined Pragmatism" {rPois, Elem, Bglg} (curse)

@: ice-armoured, about to teleport, frozen ramparts
A: hooves 2, repulsion field 2, demonic guardian 1, spiny 2
a: Renounce Religion, Curse Item, Shatter the Chains


You were on level 12 of the Dungeon.
You worshipped Ashenzari.
Ashenzari was extremely pleased with you.
You visited 3 branches of the dungeon, and saw 19 of its levels.
You also visited: Bailey.

You collected 1585 gold pieces.

Inventory:

Hand Weapons
 b - a +0 whip
 r - a +2 dagger of speed
 u - a +0 morningstar
Armour
 a - the cursed +0 robe "Free Will of Ashenzari" (worn) {Cun, Self}

   It has a curse placed upon it.
 k - the cursed +0 pair of gloves "Perceptive Discomfort" (worn) {Alch, Elem}
   (You found it on level 1 of the Dungeon)

   It has a curse placed upon it.
 m - a +0 helmet
 w - the cursed scarf "Share My Activism" (worn) {shadows, Evo, Comp}
   (You found it on level 4 of the Dungeon)

   It has a curse placed upon it.
 x - the cursed +0 buckler of Ashenzari's Mutualism (worn) {Evo, Range}
   (You found it on level 4 of the Dungeon)

   It has a curse placed upon it.
 z - the cursed +2 helmet "Sybil of Ashenzari" (worn) {Self, Alch}
   (You found it on level 6 of the Dungeon)

   It has a curse placed upon it.
 A - a +0 hat
 W - a +1 pair of boots
Magical Staves
 H - a cursed staff of cold (weapon) {Cun, Alch}
Jewellery
 f - the cursed ring "Shackled With Me" (right hand) {Int+6, Fort, Elem}
   (You found it on level 1 of the Dungeon)

   [ring of intelligence]

   It affects your intelligence (+6).
   It has a curse placed upon it.
 g - a ring of see invisible
 B - a ring of positive energy
 C - the cursed amulet of the Cursed Stars (around neck) {RegenMP, Range, Elem}
   (You found it on level 6 of the Dungeon)

   [amulet of magic regeneration]

   It increases your magic regeneration.
   It has a curse placed upon it.
 K - the cursed ring "Ruined Pragmatism" (left hand) {rPois, Elem, Bglg}
   (You found it on level 9 of the Dungeon)

   [ring of poison resistance]

   It protects you from poison.
   It has a curse placed upon it.
 P - a ring of wizardry
 Q - a ring of positive energy
 U - an amulet of reflection
Wands
 D - a wand of digging (8)
 E - a wand of flame (27)
 J - a wand of iceblast (31)
 L - a wand of charming (9)
 M - a wand of polymorph (14)
 O - a wand of acid (9)
 V - a wand of mindburst (12)
Scrolls
 d - 9 scrolls of teleportation
 h - 5 scrolls of magic mapping
 p - 3 scrolls of fear
 q - 18 scrolls of identify
 v - 2 scrolls of fog
 y - 5 scrolls of amnesia
 I - a scroll of blinking
 N - 8 scrolls of enchant weapon
 S - a scroll of summoning
 T - a scroll of enchant armour
Potions
 c - 3 potions of might
 e - 4 potions of lignification
 i - 6 potions of brilliance
 j - 4 potions of magic
 l - 7 potions of heal wounds
 n - 3 potions of flight
 o - 8 potions of ambrosia
 s - 13 potions of curing
 t - 4 potions of haste
 F - a potion of berserk rage
 G - a potion of resistance
 R - a potion of invisibility


   Skills:
 * Level 11.7(16.6) Fighting
 + Level 4.4(7.6) Armour
 + Level 10.1(15.1) Dodging
 - Level 1.7(5.3) Stealth
 - Level 4.0(7.1) Shields
 + Level 10.2(15.1) Spellcasting
 - Level 9.2(12.4) Conjurations
 + Level 3.8(10.9) Fire Magic
 + Level 10.6(18.4) Ice Magic


You had 32 spell levels left.
You knew the following spells:

 Your Spells              Type           Power      Damage    Failure   Level
a - Freeze                Ice            100%       1d11      0%          1
b - Frozen Ramparts       Ice            100%       1d12      0%          3
c - Ozocubu's Armour      Ice            100%       N/A       0%          3
d - Hailstorm             Conj/Ice       100%       3d20      1%          4

Your spell library contained the following spells:

 Spells                   Type           Power      Damage    Failure   Level
 Animate Skeleton         Necr           46%        N/A       1%          1
 Beastly Appendage        Tmut           52%        N/A       1%          1
 Pain                     Necr           92%        1d8       1%          1
 Sting                    Tmut/Pois      100%       1d8       1%          1
 Summon Small Mammal      Summ           92%        N/A       1%          1
 Ensorcelled Hibernation  Hex/Ice        100%       N/A       1%          2
 Ignite Poison            Fire/Tmut/Pois 44%        N/A       1%          3
 Mephitic Cloud           Conj/Pois/Air  47%        N/A       1%          3
 Ice Form                 Ice/Tmut       83%        N/A       1%          4
 Summon Ice Beast         Ice/Summ       82%        N/A       1%          4
 Fireball                 Conj/Fire      35%        3d15      1%          5
 Poisonous Vapours        Pois/Air       52%        N/A       2%          2
 Wereblood                Tmut           26%        N/A       2%          2
 Call Imp                 Summ           23%        N/A       3%          2
 Starburst                Conj/Fire      35%        8x6d10    3%          6
 Spider Form              Tmut/Pois      13%        N/A       4%          3
 Call Canine Familiar     Summ           23%        N/A       6%          3
 Summon Guardian Golem    Hex/Summ       23%        N/A       6%          3
 Vampiric Draining        Necr           11%        2d7       6%          3
 Olgreb's Toxic Radiance  Pois           26%        N/A       16%         4
 Animate Armour           Summ/Erth      50%        N/A       19%         4
 Summon Lightning Spire   Summ/Air       25%        N/A       19%         4
 Animate Dead             Necr           11%        N/A       21%         4
 Blade Hands              Tmut           13%        N/A       41%         5
 Borgnjor's Vile Clutch   Necr/Erth      12%        N/A       45%         5
 Silence                  Hex/Air        12%        N/A       45%         5
 Agony                    Necr           23%        N/A       50%         5
 Ignition                 Fire           34%        3d10      88%         8
 Shadow Creatures         Summ           N/A        N/A       97%         6


Dungeon Overview and Level Annotations

Branches:
Dungeon (12/15)            Temple (1/1) D:7            Lair (6/6) D:8
  Swamp (0/4) Lair:2       Spider (0/4) Lair:3        Slime (0/5) Lair:6
    Orc (0/2) D:12         Bailey (visited)

Altars:
Ashenzari
Cheibriados
Elyvilon
Fedhas
Gozag
Hepliaklqana
Makhleb
Okawaru
Qazlal
Sif Muna
Trog
Vehumet
Xom
Yredelemnul
The Shining One
Jiyva

Shops:
D:8 =

Portals:
Hell: Lair:6

Annotations:
Lair:6 exclusion: oklob plant


Innate Abilities, Weirdness & Mutations

You have hoof-like feet.
You are surrounded by a moderate repulsion field. (EV +3)
A weak demonic guardian rushes to your aid.
You are mostly covered in sharp spines.


Message History

The death knight is severely wounded.
The phantasmal warrior blinks!
The skeletal warrior resists.
The wall freezes the skeletal warrior.
The skeletal warrior is struck by your spines.
The skeletal warrior misses you.
The wall freezes the death knight.
The death knight hits you with a +0 morningstar!!
A demonic guardian appears!
You hit the death knight.
You kick the death knight, but do no damage.
The death knight is severely wounded.
The phantasmal warrior resists.
The wall freezes the phantasmal warrior.
The phantasmal warrior is struck by your spines.
The phantasmal warrior hits you!!
* * * LOW HITPOINT WARNING * * *
The wall freezes the death knight!
The death knight is struck by your spines.
The death knight hits you but does no damage.
The skeletal warrior resists.
The wall freezes the skeletal warrior.
The skeletal warrior barely misses you.
The skeletal warrior hits your hellwing with a +0 battleaxe!!
Your hellwing barely misses the skeletal warrior.
Your hellwing hits the skeletal warrior.
The phantasmal warrior resists.
The wall freezes the phantasmal warrior.
You block the phantasmal warrior's attack.
As you read the scroll of teleportation, it crumbles to dust.
You feel strangely unstable.
The wall freezes the death knight.
The death knight is struck by your spines.
The death knight closely misses you.
The skeletal warrior resists.
The wall freezes the skeletal warrior.
The skeletal warrior hits you with a +0 battleaxe!
* * * LOW HITPOINT WARNING * * *
The skeletal warrior hits your hellwing but does no damage.
Your hellwing misses the skeletal warrior.
Your hellwing hits the skeletal warrior!
The phantasmal warrior resists.
The wall freezes the phantasmal warrior.
The phantasmal warrior hits you!!
You die...

* **** * * , * * #...... * **
* #......, , #############
#..... * *** *
################.... **,,,, *
################..##### , , ,
,
.#...##.#..#...#......#,,,,,,
.#.......#.....W@.4ยง..'
.#.......#.....#pz....#*,, , *
.#.......#.....##.....# *
.#.......#.....##.....#* ,,,
##......##.............,,,,, *
##......##............. , ,,*
*
.............................#
........... , ,, ... ,......#
........... ,,{*
###o#*#.....##**


You could see a death knight, a skeletal warrior (ally target), a phantasmal
warrior and a friendly hellwing (summoned).

Vanquished Creatures
  Gastronok (Lair:3)
  A dire elephant (Lair:6)
  Harold (Lair:2)
  A boulder beetle (Lair:6)
  4 hydras
  2 catoblepae
  A two-headed ogre (D:12)
  Erica (D:9)
  Sonja (Lair:4)
  A sun demon (Lair:6)
  An unseen horror (D:12)
  A phantasmal warrior (D:12)
  A swamp dragon (Lair:2)
  A wizard (Lair:6)
  5 orc knights (Bailey)
  A cyclops (D:9)
  A manticore (D:11)
  2 orange demons (Lair:6)
  3 black mambas
  A smoke demon (Lair:6)
  Psyche (D:11)
  11 cane toads
  5 rime drakes
  A freezing wraith (D:11)
  A kobold demonologist (D:11)
  8 komodo dragons
  2 ice devils (Lair:6)
  2 red devils (Lair:6)
  A queen bee (Lair:5)
  2 trolls
  3 meliai (Lair:5)
  Prince Ribbit (D:6)
  2 jumping spiders (Lair:3)
  A polar bear (Lair:2)
  7 blink frogs
  4 redbacks (Lair:3)
  8 wyverns
  46 yaks
  2 basilisks
  Grum (D:11)
  12 water moccasins
  2 acid dragons
  4 hell hounds (Lair:6)
  10 orc warriors
  An eye of draining (D:12)
  2 sky beasts
  3 black bears
  An ice beast (D:7)
  2 necrophages
  20 wolves
  2 centaurs (D:11)
  6 ogres
  A kobold brigand (D:7)
  3 phantoms
  18 bullfrogs
  A wyvern zombie (D:12)
  A gnoll sergeant (D:11)
  A water moccasin skeleton (D:7)
  2 wyvern skeletons
  5 scorpions
  28 killer bees
  6 wights
  3 howler monkeys
  A lava snake (Lair:1)
  An electric eel (Lair:1)
  3 centaur zombies
  4 jellies
  13 orc priests
  2 centaur skeletons (D:11)
  5 hounds
  A gnoll shaman (D:3)
  2 iguanas
  7 orc wizards
  6 worker ants
  2 hound skeletons
  42 gnolls
  9 adders
  3 white imps
  An ufetubus (D:9)
  An adder skeleton (D:10)
  2 worms (D:3)
  A dart slug (D:3)
  6 leopard geckos
  63 orcs
  11 bats
  4 giant cockroaches
  7 goblins
  5 hobgoblins (D:1)
  25 jackals
  4 quokkas
  2 ball pythons
  2 frilled lizards
  11 kobolds
  8 rats
528 creatures vanquished.

Vanquished Creatures (collateral kills)
  A hydra (Lair:1)
  A rime drake (Lair:5)
  A komodo dragon (Lair:3)
  A yak (Lair:2)
  A bullfrog (Lair:2)
  A jelly (D:6)
  A gnoll shaman (D:3)
  A worker ant (D:4)
  4 gnolls (D:3)
  A bat (D:1)
13 creatures vanquished.

Vanquished Creatures (others)
  A black mamba (Lair:6)
  33 fungi
  36 plants
70 creatures vanquished.

Grand Total: 611 creatures vanquished

Notes
Turn   | Place    | Note
-------+----------+-------------------------------------------
     0 | D:1      | Essalna the Demonspawn Ice Elementalist began the quest for
                  | the Orb.
     0 | D:1      | Reached XP level 1. HP: 13/13 MP: 3/3
   157 | D:1      | Gained mutation: A weak demonic guardian rushes to your
                  | aid. [demonic ancestry]
   157 | D:1      | Reached XP level 2. HP: 20/20 MP: 0/5
   509 | D:1      | Reached skill level 1 in Fighting
   982 | D:2      | Gained mutation: You are surrounded by a mild repulsion
                  | field. (EV +2) [demonic ancestry]
   982 | D:2      | Reached XP level 3. HP: 26/26 MP: 4/6
   986 | D:2      | Learned a level 3 spell: Frozen Ramparts
  1167 | D:2      | Found a snail-covered altar of Cheibriados.
  1761 | D:3      | Gained mutation: You have large cloven feet. [demonic
                  | ancestry]
  1761 | D:3      | Reached XP level 4. HP: 31/32 MP: 0/7
  1968 | D:3      | Found a burning altar of Makhleb.
  2070 | D:3      | Learned a level 3 spell: Ozocubu's Armour
  2100 | D:3      | Reached skill level 2 in Fighting
  2405 | D:3      | Gained mutation: You are partially covered in sharp spines.
                  | [demonic ancestry]
  2405 | D:3      | Reached XP level 5. HP: 35/38 MP: 1/9
  2841 | D:3      | Reached XP level 6. HP: 33/46 MP: 8/11
  3339 | D:3      | Reached skill level 3 in Fighting
  3908 | D:3      | Reached skill level 5 in Ice Magic
  3908 | D:3      | Gained mutation: You are mostly covered in sharp spines.
                  | [demonic ancestry]
  3908 | D:3      | Reached XP level 7. HP: 52/52 MP: 8/13
  4755 | D:4      | Reached skill level 4 in Fighting
  5148 | D:5      | Entered Level 5 of the Dungeon
  5499 | D:5      | Found a basalt altar of Yredelemnul.
  5557 | D:5      | Found a hazy altar of Hepliaklqana.
  6592 | D:6      | Reached skill level 1 in Shields
  6592 | D:6      | Reached XP level 8. HP: 61/61 MP: 10/14
  6712 | D:6      | Noticed Prince Ribbit
  6720 | D:6      | Killed Prince Ribbit
  6813 | D:6      | Reached skill level 5 in Spellcasting
  6818 | D:6      | Reached skill level 5 in Dodging
  7057 | D:6      | Reached skill level 5 in Fighting
  7068 | D:6      | Learned a level 4 spell: Hailstorm
  7614 | D:7      | Reached skill level 1 in Conjurations
  7928 | D:7      | Reached XP level 9. HP: 67/68 MP: 15/17
  7978 | D:7      | Identified the +11 scimitar of Instant Death {antimagic,
                  | Str+3}
  8179 | D:7      | Found a staircase to the Ecumenical Temple.
  8194 | Temple   | Entered the Ecumenical Temple
  8280 | Temple   | Became a worshipper of Ashenzari the Shackled
  9372 | D:8      | Reached skill level 6 in Fighting
  9607 | D:8      | Found Biysk's Jewellery Emporium.
  9707 | D:8      | Found a staircase to the Lair.
 10099 | D:9      | Noticed a troll
 10108 | D:9      | Killed a troll
 10266 | D:9      | Reached * piety under Ashenzari
 10274 | D:9      | Found a shimmering blue altar of Sif Muna.
 10400 | D:9      | Noticed a cyclops
 10411 | D:9      | Killed a cyclops
 10412 | D:9      | Reached XP level 10. HP: 42/80 MP: 16/21
 10717 | D:9      | Noticed Erica
 10733 | D:9      | Killed Erica
 11188 | Lair:1   | Entered Level 1 of the Lair of Beasts
 11190 | Lair:1   | Noticed an eight-headed hydra
 11394 | Lair:1   | Noticed a cane toad
 11403 | Lair:1   | Killed a cane toad
 11423 | Lair:1   | Reached ** piety under Ashenzari
 11613 | Lair:1   | Reached skill level 7 in Fighting
 11697 | Lair:1   | Killed an eight-headed hydra
 12069 | Lair:1   | Noticed a cane toad
 12078 | Lair:1   | Killed a cane toad
 12079 | Lair:1   | Reached skill level 5 in Conjurations
 12743 | Lair:2   | Noticed a black mamba
 12761 | Lair:2   | Killed a black mamba
 13114 | Lair:2   | Noticed a catoblepas
 13265 | Lair:2   | Killed a catoblepas
 13266 | Lair:2   | Gained mutation: You have hoof-like feet. [demonic
                  | ancestry]
 13266 | Lair:2   | Reached XP level 11. HP: 55/90 MP: 21/24
 13684 | Lair:2   | Noticed a swamp dragon
 13692 | Lair:2   | Reached skill level 8 in Fighting
 13952 | Lair:2   | Reached *** piety under Ashenzari
 14083 | Lair:2   | Found a staircase to the Swamp.
 14222 | Lair:2   | Killed a swamp dragon
 14803 | Lair:2   | Noticed Harold
 14817 | Lair:2   | Killed Harold
 15439 | Lair:3   | Found a hole to the Spider Nest.
 15594 | Lair:3   | Noticed Gastronok
 15611 | Lair:3   | Killed Gastronok
 15612 | Lair:3   | Reached skill level 9 in Fighting
 15612 | Lair:3   | Gained mutation: You are surrounded by a moderate repulsion
                  | field. (EV +3) [demonic ancestry]
 15612 | Lair:3   | Reached XP level 12. HP: 39/100 MP: 23/26
 15909 | Lair:3   | Noticed a seven-headed hydra
 15919 | Lair:3   | Killed a seven-headed hydra
 16559 | Lair:3   | Reached **** piety under Ashenzari
 17163 | Lair:3   | HP: 5/102 [poisoned by a redback]
 18133 | Lair:4   | Noticed Sonja
 18159 | Lair:4   | Killed Sonja
 19035 | Lair:4   | Noticed a four-headed hydra
 19047 | Lair:4   | Killed a four-headed hydra
 19333 | Lair:5   | Noticed a four-headed hydra
 19343 | Lair:5   | Killed a four-headed hydra
 19344 | Lair:5   | Reached skill level 10 in Fighting
 19344 | Lair:5   | Reached skill level 1 in Armour
 19696 | Lair:5   | Reached XP level 13. HP: 108/114 MP: 26/30
 19833 | Lair:5   | Reached ***** piety under Ashenzari
 20172 | Lair:5   | Reached skill level 1 in Fire Magic
 20465 | Lair:6   | Entered Level 6 of the Lair of Beasts
 20517 | Lair:6   | Reached skill level 10 in Ice Magic
 20872 | Lair:6   | Found a stormy altar of Qazlal.
 21392 | Lair:6   | Found a burning altar of Makhleb.
 21464 | Lair:6   | Reached skill level 11 in Fighting
 22277 | Lair:6   | Found a viscous altar of Jiyva.
 22284 | Lair:6   | Found a staircase to the Slime Pits.
 22559 | Lair:6   | Noticed a dire elephant
 22584 | Lair:6   | Killed a dire elephant
 22669 | Lair:6   | Found a gateway to Hell.
 22670 | Lair:6   | Identified the +11 hand crossbow "Koiblum" {speed, Int+3}
 23126 | D:10     | Entered Level 10 of the Dungeon
 23180 | D:10     | Found a flagged portal.
 23201 | Bailey   | Entered a bailey
 23861 | Bailey   | Reached skill level 10 in Dodging
 23861 | Bailey   | Reached skill level 10 in Spellcasting
 24599 | D:11     | Noticed Grum
 24606 | D:11     | Killed Grum
 24956 | D:11     | Reached XP level 14. HP: 114/126 MP: 30/32
 25125 | D:11     | Noticed Psyche
 25134 | D:11     | Killed Psyche
 25172 | D:11     | Identified the cursed scarf "Share My Activism" {shadows,
                  | Evo, Comp} (You found it on level 4 of the Dungeon)
 25172 | D:11     | Identified the cursed +2 helmet "Sybil of Ashenzari" {Self,
                  | Alch} (You found it on level 6 of the Dungeon)
 25172 | D:11     | Identified the cursed +0 pair of gloves "Perceptive
                  | Discomfort" {Alch, Elem} (You found it on level 1 of the
                  | Dungeon)
 25172 | D:11     | Identified the cursed +0 buckler of Ashenzari's Mutualism
                  | {Evo, Range} (You found it on level 4 of the Dungeon)
 25172 | D:11     | Identified the cursed +0 robe "Free Will of Ashenzari"
                  | {Cun, Self}
 25172 | D:11     | Identified the cursed ring "Ruined Pragmatism" {rPois,
                  | Elem, Bglg} (You found it on level 9 of the Dungeon)
 25172 | D:11     | Identified the cursed ring "Shackled With Me" {Int+6, Fort,
                  | Elem} (You found it on level 1 of the Dungeon)
 26432 | D:12     | Mangled by a phantasmal warrior

Illustrated notes

Levels and vault maps discovered:
D:1:      nzn_arrival_water_spiral, layout_rooms
D:2:      layout_rooms, lemuel_crystal_altar, uniq_crazy_yiuf_cottage
D:3:      lemuel_castle_with_subvaults [lemuel_castle_interior_carwin_1],
          layout_basic, makhleb_blood_cavern_becter
D:4:      layout_loops_ring
D:5:      layout_basic, kennysheep_mini, general_overflow_altar,
          elyvilon_altar_1
D:6:      layout_basic, uniq_prince_ribbit1
D:7:      layout_basic, minmay_temple_entry_hall
D:8:      layout_basic, lair_entry_dummy, serial_shops, shop_statue,
          interstate_on_off
D:9:      layout_small_grid, overflow_temple_1_default, lightli_minifort,
          uniq_erica
D:10:     layout_basic, enter_bailey_1
D:11:     minmay_bubble_buster, layout_gridville, minmay_holes,
          grunt_decor_one_mirror, minmay_microvault, uniq_psyche, uniq_grum
D:12:     layout_gridville, erik_orc_3
Temple:   dpeg_five_rooms_temple
Lair:1:   layout_gridlike, infiniplex_staircase_pool
Lair:2:   layout_small_grid, minmay_swamp_entry_reptiles, lemuel_fruit_tree,
          grunt_megastairs_2, uniq_harold
Lair:3:   layout_regular_city, nicolae_spider_entry_tight_spaces, serial_rivers,
          chequers_serial_rivers_room_b, chequers_serial_rivers_micro_b,
          chequers_serial_rivers_small_b, chequers_serial_rivers_small_3,
          chequers_serial_rivers_micro_e, chequers_serial_rivers_micro_c,
          nicolae_lair_grove_arrangements, uniq_gastronok
Lair:4:   layout_big_grid, uniq_sonja
Lair:5:   layout_roguey [special_room_bee]
Lair:6:   evil_forest, layout_gridlike, dpeg_slime_entry_enclosed_altar,
          lemuel_oklob_altar

Skill      XL: |  1  2  3  4  5  6  7  8  9 10 11 12 13 |
---------------+----------------------------------------+-----
Dodging        | 2 3 4 5 6 7 8 9 10 | 10.1
Fighting       | 1 2 3 4 5 6 7 9 10 11 | 11.7
Ice Magic      | 4 5 6 7 8 9 10 | 10.6
Spellcasting   | 3 4 5 6 7 8 9 10 | 10.2
Shields        | 1 2 4 |  4.0
Conjurations   | 1 3 5 7 8 9 |  9.2
Armour         | 1 4 |  4.4
Fire Magic     | 3 |  3.8
Stealth        | |  1.7

Action                   |  1- 3 |  4- 6 |  7- 9 | 10-12 | 13-15 || total
-------------------------+-------+-------+-------+-------+-------++-------
Melee: Whip              |    56 |       |       |       |       ||    56
       Dagger            |    63 |    59 |   209 |   373 |    17 ||   721
       Kick              |       |     9 |    52 |    96 |    98 ||   255
       Staff             |       |       |       |       |   279 ||   279
 Cast: Freeze            |    44 |    63 |    13 |     6 |     5 ||   131
       Frozen Ramparts   |       |     7 |    42 |    50 |    42 ||   141
       Ozocubu's Armour  |       |       |     9 |    16 |    16 ||    41
       Hailstorm         |       |       |       |    56 |    78 ||   134
Invok: Curse Item        |       |       |     2 |     5 |     2 ||     9
Evoke: Wand              |       |       |       |    15 |       ||    15
  Use: Potion            |       |     2 |     1 |       |       ||     3
       Scroll            |       |       |       |     1 |     3 ||     4
 Stab: Sleeping          |     1 |       |     3 |       |    10 ||    14
Armor: Robe              |    28 |    11 |    21 |    38 |    53 ||   151
       Skin              |       |     5 |       |       |       ||     5
Dodge: Dodged            |    82 |    69 |   123 |   198 |   257 ||   729
Block: Buckler           |       |       |    19 |    84 |   101 ||   204

Table legend: (Time is in decaauts)
 A = Elapsed time spent in this place.
 B = Non-inter-level travel time spent in this place.
 C = Inter-level travel time spent in this place.
 D = Time resting spent in this place.
 E = Time spent auto-exploring this place.
 F = Levels seen in this place.
 G = Mean time per level.
                   A        B        C        D        E       F      G
               +--------+--------+--------+--------+--------+-----+--------+
         Total |  26268 |  25277 |    991 |    687 |  20800 |  20 | 1313.4 |
       Dungeon |  13685 |  13166 |    519 |    289 |  10682 |  12 | 1140.4 |
        Temple |    138 |     87 |     51 |      0 |     73 |   1 |  138.0 |
          Lair |  11751 |  11330 |    421 |    398 |   9511 |   6 | 1958.5 |
        Bailey |    692 |    692 |      0 |      0 |    533 |   1 |  692.0 |
               +--------+--------+--------+--------+--------+-----+--------+

Top non-repeatable levels by time:
  Lair:3: 2638 daAuts
     D:3: 2602 daAuts
  Lair:6: 2483 daAuts
  Lair:2: 2378 daAuts
  Lair:1: 1743 daAuts
     D:9: 1430 daAuts
    D:11: 1415 daAuts
  Lair:4: 1361 daAuts
     D:7: 1316 daAuts
     D:5: 1168 daAuts
  Lair:5: 1145 daAuts
     D:6: 1086 daAuts
     D:1: 964 daAuts
     D:8: 940 daAuts
     D:4: 846 daAuts
